 Dungeon Crawl Stone Soup version 0.24-a0-586-g8e0e932 (webtiles) character file.

Game seed: 378382143578052927, levelgen mode: deterministic

99 Gashadokuro the Poker (level 4, -2/35 HPs)
             Began as a Demonspawn Berserker on Sept 7, 2019.
             Was a Follower of Trog.
             Slain by an orc wizard
             ... wielding a +0 dagger
              (4 damage)
             ... on level 5 of the Dungeon.
             The game lasted 00:07:41 (1241 turns).

Gashadokuro the Poker (Demonspawn Berserker)        Turns: 1241, Time: 00:07:41

Health: -2/35      AC:  6    Str: 18    XL:     4   Next: 45%
Magic:  4/4        EV: 11    Int:  9    God:    Trog [*.....]
Gold:   129        SH:  0    Dex: 15    Spells: 3/3 levels left

rFire    . . .     SeeInvis .   j - +0 trident
rCold    . . .     Gourm    .   (no shield)
rNeg     + . .     Faith    .   n - +0 scale mail
rPois    +         Spirit   .   (no helmet)
rElec    .         Reflect  .   (no cloak)
rCorr    .         Harm     .   (no gloves)
MR       ++...                  (no boots)
Stlth    ..........             (no amulet)
HPRegen  1.11/turn              E - ring "Letub" {rPois rN+ Dex+3 Stlth-}
MPRegen  0.09/turn              (no ring)

@: berserk cooldown, regenerating
A: talons 1, powered by death 1
a: Berserk, Renounce Religion


You were on level 5 of the Dungeon.
You worshipped Trog.
Trog was aware of your devotion.
You were not hungry.

You visited 1 branch of the dungeon, and saw 5 of its levels.

You collected 129 gold pieces.

Inventory:

Hand Weapons
 a - a +0 spear
 d - a +0 short sword
 g - a +0 whip
 h - a +0 mace
 i - a cursed -3 club
 j - a +0 trident (weapon)
 l - a +0 mace
 r - a +0 dagger
 s - a +0 short sword
 w - a +0 hunting sling
 z - a +0 club
 F - a cursed -1 spear
Missiles
 m - 11 poisoned darts (quivered)
 o - 17 bolts
Armour
 b - a +0 animal skin
 n - a +0 scale mail (worn)
 q - a +0 leather armour
 y - a +0 leather armour
 B - a +0 robe
 C - the +3 robe of Bikook Baleh {rF- rC++ rN+ Dex+2, unknown}
   (You found it on level 4 of the Dungeon)

   It affects your dexterity (+2).
   It makes you vulnerable to fire.
   It greatly protects you from cold.
   It protects you from negative energy.
Jewellery
 E - the ring "Letub" (left hand) {rPois rN+ Dex+3 Stlth-}
   (You found it on level 5 of the Dungeon)

   [ring of attention]

   It affects your dexterity (+3).
   It protects you from poison.
   It protects you from negative energy.
   It makes you less stealthy.
Wands
 v - a wand of clouds (4)
Scrolls
 e - 3 scrolls of amnesia {unknown}
 f - 2 scrolls of magic mapping {unknown}
 p - a scroll of fear {unknown}
 t - a scroll of remove curse {unknown}
 u - a scroll of teleportation {unknown}
Potions
 k - a potion of resistance {unknown}
 x - a potion of lignification {unknown}
 A - 2 potions of curing {unknown}
 D - a potion of heal wounds {unknown}
Comestibles
 c - 2 rations
 G - 2 chunks of flesh


   Skills:
 + Level 3.5 Fighting
 + Level 3.8 Polearms
 + Level 2.2 Armour
 + Level 2.4 Dodging
 + Level 0.1 Stealth


You had 3 spell levels left.
You didn't know any spells.
Your spell library was empty.

Dungeon Overview and Level Annotations

Branches:
Dungeon (5/15)
 Temple: D:4-7

Altars:


Innate Abilities, Weirdness & Mutations

You have sharp toenails.
You regenerate a little health from kills.


Message History

A magic dart appears from out of thin air!
The magic dart hits you!
* * * LOW HITPOINT WARNING * * *
The orc wizard hits you but does no damage.
You hit the orc wizard.
You claw the orc wizard, but do no damage.
The orc wizard is heavily wounded.
The orc wizard hits you with a +0 dagger.
* * * LOW HITPOINT WARNING * * *
You hear some strange, mumbled words.
Something tries to affect you, but you resist.
You closely miss the orc wizard. You claw the orc wizard.
The orc wizard is almost dead.
The orc wizard hits you but does no damage.
The orc hits you with a +0 war axe.
* * * LOW HITPOINT WARNING * * *
Something hits you.
* * * LOW HITPOINT WARNING * * *
The orc wizard hits you with a +0 dagger.
You die...

..............####
..###.!...........
..............#
#...........#
.###.........#
.............#
#..####.......##
#.....oo......#
#.#.###@#.....# #.#
#.#.....# #<##+##'#.....#
#...........###
#...........#
#...........#
#####...........#
######.....####.>.......
...........###############


You could see an orc wizard and an orc.

Vanquished Creatures
  2 worker ants
  A gnoll (D:5)
  2 adders
  An ooze (D:3)
  A worm (D:3)
  A goblin (D:2)
  3 hobgoblins
  3 kobolds
  A quokka (D:2)
  3 bats
  2 rats
20 creatures vanquished.

Notes
Turn   | Place    | Note
-------+----------+-------------------------------------------
     0 | D:1      | Gashadokuro the Demonspawn Berserker began the quest for
                  | the Orb.
     0 | D:1      | Reached XP level 1. HP: 18/18 MP: 1/1
   427 | D:2      | Gained mutation: You have sharp toenails. [demonic
                  | ancestry]
   427 | D:2      | Reached XP level 2. HP: 19/24 MP: 2/2
   829 | D:3      | Reached XP level 3. HP: 18/29 MP: 3/3
  1071 | D:4      | Got a dull robe
  1128 | D:5      | Entered Level 5 of the Dungeon
  1176 | D:5      | Got an ancient golden ring
  1184 | D:5      | Identified the ring "Letub" {rPois rN+ Dex+3 Stlth-} (You
                  | found it on level 5 of the Dungeon)
  1206 | D:5      | Reached ** piety under Trog
  1206 | D:5      | Gained mutation: You regenerate a little health from kills.
                  | [demonic ancestry]
  1206 | D:5      | Reached XP level 4. HP: 30/35 MP: 4/4
  1241 | D:5      | Slain by an orc wizard

Levels and vault maps discovered:
D:1:      dpeg_arrival_boxes_within_box, layout_basic,
          chequers_serial_rivers_room_b
D:2:      layout_rooms
D:3:      layout_loops_ring
D:4:      layout_gridville, first_ration
D:5:      layout_basic, lemuel_round_altar, minmay_manual_monolith, uniq_duvessa

Skill      XL: |  1  2  3 |
---------------+----------+-----
Polearms       | 3 |  3.8
Armour         | 2 |  2.2
Dodging        | 2 |  2.4
Fighting       | |  3.5
Stealth        | |  0.1

Action                   |  1- 3 |  4- 6 || total
-------------------------+-------+-------++-------
Melee: Trident           |    47 |    12 ||    59
       Spear             |    10 |       ||    10
       Kick              |     9 |     5 ||    14
Invok: Trog's Hand       |       |     2 ||     2
       Berserk           |       |     1 ||     1
  Eat: Ration            |       |     1 ||     1
       Chunk             |       |     1 ||     1
Armor: Animal skin       |     3 |       ||     3
       Scale mail        |    23 |    19 ||    42
Dodge: Dodged            |    42 |    11 ||    53

Table legend:
 A = Non-vault XP
 B = Vault XP
 C = Vault XP percentage of total XP
 D = Non-vault monster count
 E = Vault monster count
 F = Vault count percentage of total count
                 A         B        C        D         E       F
            +---------+---------+-------+---------+---------+-------
      Total |     142 |       0 |   0.0 |      20 |       0 |   0.0
            +---------+---------+-------+---------+---------+-------
        D:1 |       4 |       0 |   0.0 |       2 |       0 |   0.0
        D:2 |      11 |       0 |   0.0 |       7 |       0 |   0.0
        D:3 |      31 |       0 |   0.0 |       7 |       0 |   0.0
        D:4 |      50 |       0 |   0.0 |       2 |       0 |   0.0
        D:5 |      46 |       0 |   0.0 |       2 |       0 |   0.0
            +---------+---------+-------+---------+---------+-------
